Map: Backwater LE

Players

coldhand - Winner!

  • Race: Terran Terran
  • Spawn Location: 11:00

Dayounglemon

  • Race: Zerg Zerg
  • League: Silver
  • Spawn Location: 5:00

VOD

Have the link to the VOD?

Description

Time

  • Played on: March 24, 2018, 4:59 a.m.
  • Length: 9:50
Show
View Real Time Build Order
Export as new Build Order

coldhand Terran - Winner!

Build Orders: Command Center First (CC), MMM Bio 

Get SALT Encoding   

  12  0:00  SCV  
  13  0:13  SCV  
  14  0:20  Supply Depot  
  14  0:25  SCV  
  15  0:54  Command Center  
  15  1:07  Barracks  
  15  1:10  SCV  
  16  1:15  Refinery  
  16  1:22  SCV  
  17  1:28  Supply Depot  
  17  1:35  SCV  
  18  1:55  Marine  
  19  2:04  Orbital Command  
  19  2:06  Orbital Command  
  19  2:17  Factory  
  19  2:19  Marine  
  20  2:31  Supply Depot  
  20  2:34  SCV  
  20  2:36  Marine  
  22  2:38  SCV  
  22  2:52  SCV x2  
  22  2:54  Marine  
  25  3:02  Bunker  
  25  3:06  SCV x2  
  25  3:08  Factory Reactor  
  25  3:09  Supply Depot  
  25  3:12  Marine  
  28  3:17  Starport  
  28  3:24  SCV  
  28  3:25  SCV  
  30  3:30  Marine  
  30  3:34  Engineering Bay  
  31  3:37  Refinery, SCV x2  
  33  3:50  Supply Depot  
  33  3:51  Hellion x2  
  33  3:52  Barracks Tech Lab  
  37  3:57  Starport Reactor  
  37  4:02  SCV x2  
  39  4:07  Refinery  
  39  4:08  Refinery  
  37  4:22  SCV  
  37  4:23  Hellion, SCV  
  37  4:24  Hellion  
  43  4:31  Supply Depot  
  43  4:35  Supply Depot  
  43  4:37  Supply Depot  
  43  4:41  SCV x2  
  45  4:45  Medivac  
  45  4:46  Medivac  
  49  4:53  Engineering Bay, SCV x2  
  51  5:05  SCV x2  
  53  5:17  Supply Depot, SCV x2  
  53  5:19  Supply Depot  
  53  5:20  Marine  
  53  5:21  Stimpack  
  56  5:22  Hellion  
  56  5:23  Hellion  
  60  5:30  Bunker  
  60  5:33  SCV x2  
  62  5:40  Terran Infantry Weapons Level 1, Terran Infantry Armor Level 1  
  62  5:44  Hellion x2  
  62  5:45  SCV x2  
  68  5:53  Barracks  
  68  5:54  Barracks  
  68  5:57  SCV x2  
  68  6:00  Barracks  
  68  6:01  Barracks  
  68  6:39  Armory  
  68  6:44  Marauder  
  68  6:45  Barracks Reactor x2  
  68  6:46  Medivac x2  
  78  6:49  Barracks Reactor x2  
  74  6:59  Factory Tech Lab  
  74  7:03  Supply Depot  
  74  7:04  Supply Depot  
  74  7:05  Supply Depot  
  74  7:07  Supply Depot x2  
  74  7:21  Combat Shields  
  74  7:25  Marine x6  
  74  7:26  Marine x2  
  74  7:27  Marine  
  74  7:29  Siege Tank  
  86  7:31  Medivac x2  
  90  7:43  Marine x7  
  97  7:44  Marine x2  
  97  7:48  Command Center  
  93  8:00  Marine  
  93  8:01  Siege Tank, Marine x6  
  93  8:02  Marine x2  
  105  8:10  Factory  
  105  8:18  Marine  
  105  8:19  Marine x6  
  112  8:20  Marine x2  
  114  8:33  Siege Tank  
  117  8:36  Marine  
  117  8:37  Marine x7  
  117  8:38  Marine  
  126  8:54  Marine x3  
  129  8:57  Medivac x2  
  129  9:05  Siege Tank  
  123  9:11  Factory Tech Lab  
  112  9:20  Marine x9  
  130  9:49  Supply Depot x2  
Show
View Real Time Build Order
Export as new Build Order

Dayounglemon Zerg 

Build Orders: Hatch First 

Get SALT Encoding   

  12  0:01  Drone  
  13  0:14  Overlord  
  13  0:20  Drone  
  14  0:34  Drone  
  14  0:35  Drone  
  16  0:37  Drone  
  17  0:56  Hatchery  
  16  0:57  Drone  
  17  1:04  Drone  
  18  1:17  Spawning Pool  
  17  1:20  Drone, Extractor  
  17  1:24  Drone  
  18  1:31  Drone  
  19  1:41  Overlord  
  19  1:52  Drone  
  20  1:57  Extractor  
  19  2:05  Zergling x2  
  19  2:06  Queen  
  22  2:15  Queen  
  22  2:18  Zergling x2  
  22  2:20  Drone  
  26  2:23  Drone  
  26  2:27  Drone  
  28  2:31  Metabolic Boost  
  29  2:44  Drone  
  29  2:50  Drone  
  30  3:00  Overlord  
  30  3:02  Drone x2  
  32  3:13  Drone  
  32  3:15  Overlord  
  33  3:21  Lair  
  33  3:23  Baneling Nest, Zergling x2  
  33  3:24  Zergling x6  
  36  3:30  Zergling x2  
  36  3:32  Drone x2  
  39  3:35  Drone  
  39  3:39  Extractor  
  39  3:41  Zergling x4  
  40  3:58  Zergling x2  
  41  4:05  Drone x4  
  38  4:27  Queen  
  38  4:29  Zergling x4, Hatchery  
  40  4:31  Zergling x6  
  40  4:37  Centrifical Hooks  
  43  4:43  Hydralisk Den  
  42  4:46  Overlord  
  42  4:48  Drone x3  
  45  4:57  Drone  
  45  4:59  Drone  
  47  5:02  Baneling  
  47  5:03  Baneling x8  
  47  5:04  Baneling x2  
  47  5:10  Drone  
  48  5:23  Hydralisk x4  
  55  5:34  Grooved Spines  
  55  5:35  Hydralisk  
  57  5:39  Zergling x4  
  57  5:41  Overlord x2  
  59  5:48  Overlord  
  59  5:53  Hydralisk x2  
  63  6:00  Drone x3  
  66  6:05  Overseer  
  66  6:10  Pneumatized Carapace  
  62  6:30  Drone x3  
  65  6:34  Hydralisk x3  
  71  6:44  Hydralisk  
  73  6:47  Drone  
  73  6:53  Drone x2  
  76  6:55  Drone x2  
  78  7:14  Overlord x2  
  78  7:15  Drone x3  
  81  7:28  Drone x3  
  81  7:29  Queen, Extractor  
  85  7:38  Extractor  
  85  7:43  Drone x3  
  87  7:45  Queen  
  86  8:00  Hydralisk x4  
  86  8:01  Hydralisk x2  
  98  8:06  Hydralisk  
  98  8:07  Hydralisk x2  
  98  8:10  Drone  
  98  8:12  Overlord  
  105  8:35  Hydralisk x3  
  111  8:48  Hydralisk  
  111  8:50  Overlord x2  
  111  8:53  Overlord  
  87  9:17  Hydralisk x2  
  87  9:18  Hydralisk x3  
Tags
 
Add a new tag
Caveats
  • Supply blocks, unpowered buildings, or Contaminate may cause inaccurate times.
  • Supply counts are checked every 10 seconds.